 Dungeon Crawl Stone Soup version 0.30-a0-989-g0d87f670db (webtiles) character file.

Game seed: 8140029015738333657

3449 jtron the Thrower (level 10, -5/74 HPs)
             Began as a Gnoll Wanderer on Apr 2, 2023.
             Killed from afar by Joseph (8 damage)
             ... with a puff of flame
             ... on level 9 of the Dungeon.
             The game lasted 00:29:36 (7313 turns).

jtron the Thrower (Gnoll Wanderer)                  Turns: 7313, Time: 00:29:37

Health: -5/74      AC:  4    Str:  9    XL:     10   Next: 6%
Magic:  13/18      EV: 14    Int: 20    God:
Gold:   563        SH:  0    Dex: 12    Spells: 8/20 levels left

rFire   . . .      SeeInvis .    a - +2 hand axe (venom)
rCold   . . .      Faith    .    (no shield)
rNeg    . . .      Spirit   .    D - +0 robe of Yhaufad {Regen+ rCorr Int+2}
rPois   .          Reflect  .    L - +0 helmet
rElec   .          Rampage  .    g - +0 cloak
rCorr   +                        (no gloves)
Will    .....                    (no boots)
Stlth   +++                      (no amulet)
HPRegen 1.12/turn                (no ring)
MPRegen 0.16/turn                (no ring)

@: very slightly contaminated
A: fangs 1, strong nose, distributed training
a: no special abilities


You were on level 9 of the Dungeon.
You visited 2 branches of the dungeon, and saw 10 of its levels.

You collected 563 gold pieces.

Inventory:

Hand Weapons
 a - a +2 hand axe of venom (weapon)
 b - a +3 shortbow
 c - a +1 scimitar of electrocution
 o - a +2 scimitar of flaming
 A - a +0 dagger of protection
 I - a +1 war axe of flaming
 S - the +1 sling "Nykkat" {flame, Will+ Str+3 SInv}
   (You found it on level 4 of the Dungeon)

   Str:       It affects your strength (+3).
   SInv:      It lets you see invisible.
   Will:      It increases your willpower.
Missiles
 h - 7 boomerangs
 i - 96 stones
 k - 18 poisoned darts (quivered)
 y - 3 curare-tipped darts
Armour
 g - a +0 cloak (worn)
 D - the +0 robe of Yhaufad (worn) {Regen+ rCorr Int+2}
   (You found it on level 4 of the Dungeon)

   Int:       It affects your intelligence (+2).
   Regen:     It increases your rate of health regeneration.
   rCorr:     It protects you from acid and corrosion.
 J - +0 swamp dragon scales
 L - a +0 helmet (worn)
 N - +0 steam dragon scales
Jewellery
 F - a ring of positive energy
Wands
 d - a wand of flame (12)
 j - a wand of digging (3)
 H - a wand of iceblast (14)
 M - a wand of charming (7)
Scrolls
 e - a scroll of noise
 f - 4 scrolls of teleportation
 m - 5 scrolls of vulnerability
 p - a scroll of enchant armour {unknown}
 q - a scroll of torment {unknown}
 r - a scroll of fear {unknown}
 s - 2 scrolls of blinking
 t - a scroll of immolation {unknown}
 v - 3 scrolls of enchant weapon
 w - a scroll of poison {unknown}
 x - 2 scrolls of fog {unknown}
 O - a scroll of identify
 Q - a scroll of magic mapping {unknown}
 T - a scroll of acquirement {unknown}
Potions
 l - 5 potions of attraction
 n - 2 potions of lignification {unknown}
 u - 2 potions of mutation {unknown}
 z - a potion of haste
 B - a potion of resistance {unknown}
 C - a potion of degeneration {unknown}
 E - 2 potions of flight {unknown}
 G - a potion of ambrosia {unknown}
 K - 2 potions of invisibility {unknown}
 P - a potion of curing
 R - 2 potions of heal wounds {unknown}


   Skills:
 + Level 5.0 Fighting
 + Level 5.0 Short Blades
 + Level 5.0 Long Blades
 + Level 5.0 Axes
 + Level 5.0 Maces & Flails
 + Level 5.0 Polearms
 + Level 5.0 Staves
 + Level 5.0 Ranged Weapons
 + Level 8.4 Throwing
 + Level 5.0 Armour
 + Level 6.9 Dodging
 + Level 6.6 Stealth
 + Level 5.0 Shields
 + Level 5.0 Unarmed Combat
 + Level 5.8 Spellcasting
 + Level 4.2 Conjurations
 + Level 4.2 Hexes
 + Level 4.2 Summonings
 + Level 4.2 Necromancy
 + Level 4.2 Translocations
 + Level 4.2 Transmutations
 + Level 4.2 Fire Magic
 + Level 4.2 Ice Magic
 + Level 4.2 Air Magic
 + Level 4.2 Earth Magic
 + Level 5.7 Poison Magic
 + Level 5.5 Invocations
 + Level 5.0 Evocations


You had 8 spell levels left.
You knew the following spells:

 Your Spells              Type           Power      Damage    Failure   Level
a - Sting                 Tmut/Pois      100%       1d8       1%          1
b - Call Canine Familiar  Summ           22%        N/A       5%          3
c - Summon Small Mammal   Summ           88%        N/A       1%          1
d - Ignite Poison         Fire/Tmut/Pois 24%        N/A       4%          3
e - Olgreb's Toxic Radia  Pois           28%        N/A       10%         4

Your spell library contained the following spells:

 Spells                   Type           Power      Damage    Failure   Level
 Necrotise                Necr           88%        1d8       1%          1
 Poisonous Vapours        Pois/Air       50%        N/A       1%          2
 Hailstorm                Conj/Ice       22%        3d7       5%          3
 Kindle Blastsparks       Fire/Tloc/Air  44%        2d13      5%          3
 Summon Guardian Golem    Hex/Summ       22%        N/A       5%          3
 Vampiric Draining        Necr           22%        2d7       5%          3
 Animate Armour           Summ/Erth      44%        N/A       19%         4
 Fulminant Prism          Conj/Hex       11%        3d9       19%         4
 Ice Form                 Ice/Tmut       22%        N/A       19%         4
 Iskenderun's Mystic Bla  Conj/Tloc      22%        2d6       19%         4
 Agony                    Necr           22%        N/A       45%         5
 Blade Hands              Tmut           11%        N/A       45%         5
 Lee's Rapid Deconstruct  Erth           11%        3d8*      45%         5
 Iron Shot                Conj/Erth      11%        9d3       96%         6
 Simulacrum               Ice/Necr       11%        N/A       96%         6


Dungeon Overview and Level Annotations

Branches:
Dungeon (9/15)             Temple (1/1) D:5
   Lair: D:8-11         Orc: D:9-12

Altars:
Ashenzari
Cheibriados
Elyvilon
Fedhas
Gozag
Hepliaklqana
Kikubaaqudgha
Makhleb
Nemelex Xobeh
Okawaru
Qazlal
Ru
Sif Muna
Trog
Uskayaw
Wu Jian
Xom
Yredelemnul
Zin
The Shining One

Shops:
D:3 :   D:9 *

Annotations:
D:9 Joseph


Innate Abilities, Weirdness & Mutations

You have very sharp teeth.
Your uncanny sense of smell can sniff out nearby items.
Your experience applies equally to all skills.


Message History

The hornet closely misses you. The hornet stings you.
You suddenly lose the ability to move!
You can move again.
The hornet attacks as you move away! The hornet barely misses you.
You feel sick.
There is an entrance to Rulerut's Assorted Antiques here.
You hit the hornet.
The hornet is poisoned.
The hornet is lightly wounded.
You feel sick. The hornet stings you!
You are more poisoned.
You feel yourself slow down.
The hornet stings you but does no damage.
Casting: Ignite Poison (dangerous; 4% risk of failure)
Confirm with . or Enter, or press ? or * to list all spells.
You ignite the poison in your surroundings!
The hornet seems to burn from within!!
You kill the hornet!
You feel very sick.
Joseph unwields a +0 quarterstaff.
Joseph wields a +0 sling.
Joseph shoots a sling bullet.
The sling bullet barely misses you.
You feel better. Joseph says, "I'm happy to see you.
And I'll be happy to kill you."
Joseph zaps a wand.
The puff of flame misses you.
You feel yourself speed up.
Joseph unwields a +0 sling.
Joseph wields a +0 quarterstaff.
Joseph barely misses you. Joseph hits you with a +0 quarterstaff!
There is an open door, spattered with blood here.
You see here a hornet corpse.
You barely miss Joseph. Your bite misses Joseph.
Joseph zaps a wand.
The puff of flame hits you.
* * * LOW HITPOINT WARNING * * *
You hit Joseph but do no damage.
Joseph is poisoned.
Joseph hits you with a +0 quarterstaff!!
* * * LOW HITPOINT WARNING * * *
Casting: Ignite Poison (dangerous; 4% risk of failure)
Confirm with . or Enter, or press ? or * to list all spells.
You miscast Ignite Poison.
You are very lightly contaminated with residual magic.
Nothing appears to happen.
Joseph zaps a wand.
The puff of flame hits you!
You die...

.# ..... #.. ..#......#
.#... .(......# >...
........### . #..##..
....... ..#..(........#
........###...# ..
#...@@∩#..#####...
###...###..........#
.##.#.................
......#.....##......#
..............>.....#
...................####.
........................
#...........)..........
∆ ...............#...#.
.


You could see Joseph (very poisoned).

Vanquished Creatures
  Erica (D:8)
  Maggie (D:6)
  A hornet (D:9)
  A steam dragon (D:7)
  Duvessa (D:6)
  A water moccasin (D:6)
  2 black bears (D:7)
  An ice beast (D:7)
  2 centaurs (D:8)
  2 phantoms
  3 kobold brigands
  4 bullfrogs
  Blork the orc (D:6)
  2 scorpions
  Dowan (D:6)
  A crimson imp (D:7)
  5 hounds
  A jelly (D:5)
  3 gnoll boudas
  An orc priest (D:4)
  2 sleepcaps
  3 iguanas
  2 orc wizards (D:7)
  11 gnolls
  5 adders
  3 white imps
  2 ufetubi
  A worm (D:2)
  2 dart slugs
  16 orcs
  5 ball pythons
  2 bats
  6 endoplasms
  2 giant cockroaches (D:1)
  5 goblins
  6 hobgoblins
  5 jackals
  3 quokkas
  6 frilled lizards
  22 kobolds
  5 rats
149 creatures vanquished.

Vanquished Creatures (collateral kills)
  An orc (D:7)
1 creature vanquished.

Vanquished Creatures (others)
  An orc wizard (D:8)
1 creature vanquished.

Grand Total: 151 creatures vanquished

Notes
Turn   | Place    | Note
-------+----------+-------------------------------------------
     0 | D:1      | jtron the Gnoll Wanderer began the quest for the Orb.
     0 | D:1      | jtron set off with the following items: a +2 dagger, a
                  | curare-tipped dart, a +0 cloak, a potion of might, a +0
                  | robe; and the following spell memorised: Sting; and the
                  | following spells available to memorise: Ignite Poison.
     0 | D:1      | Reached XP level 1. HP: 13/13 MP: 4/4
   178 | D:1      | Reached XP level 2. HP: 19/19 MP: 5/5
   492 | D:1      | Reached XP level 3. HP: 25/25 MP: 0/7
  1021 | D:2      | Learned a level 3 spell: Call Canine Familiar
  1084 | D:2      | Reached skill level 1 in Invocations
  1261 | D:2      | Reached skill level 1 in Fighting
  1261 | D:2      | Reached skill level 1 in Short Blades
  1261 | D:2      | Reached skill level 1 in Long Blades
  1261 | D:2      | Reached skill level 1 in Axes
  1261 | D:2      | Reached skill level 1 in Maces & Flails
  1261 | D:2      | Reached skill level 1 in Polearms
  1261 | D:2      | Reached skill level 1 in Staves
  1261 | D:2      | Reached skill level 1 in Ranged Weapons
  1261 | D:2      | Reached skill level 1 in Armour
  1261 | D:2      | Reached skill level 1 in Shields
  1261 | D:2      | Reached skill level 1 in Unarmed Combat
  1261 | D:2      | Reached skill level 1 in Evocations
  1372 | D:2      | Identified the +1 ring mail "Ywkas" {rPois Dex+2}
  1481 | D:3      | Reached XP level 4. HP: 32/32 MP: 8/8
  1501 | D:3      | Found Dikli Coch's Book Emporium.
  1607 | D:3      | Found a faded altar of an unknown god.
  2062 | D:4      | Reached skill level 1 in Conjurations
  2062 | D:4      | Reached skill level 1 in Hexes
  2062 | D:4      | Reached skill level 1 in Summonings
  2062 | D:4      | Reached skill level 1 in Necromancy
  2062 | D:4      | Reached skill level 1 in Translocations
  2062 | D:4      | Reached skill level 1 in Transmutations
  2062 | D:4      | Reached skill level 1 in Fire Magic
  2062 | D:4      | Reached skill level 1 in Ice Magic
  2062 | D:4      | Reached skill level 1 in Air Magic
  2062 | D:4      | Reached skill level 1 in Earth Magic
  2121 | D:4      | Reached XP level 5. HP: 16/37 MP: 6/9
  2257 | D:4      | Identified the +1 sling "Nykkat" {flame, Will+ Str+3 SInv}
  2397 | D:4      | Found a glowing golden altar of the Shining One.
  2445 | D:4      | Found a bloodstained altar of Trog.
  2616 | D:4      | Identified the +0 robe of Yhaufad {Regen+ rCorr Int+2}
  2723 | D:5      | Entered Level 5 of the Dungeon
  2804 | D:5      | Reached XP level 6. HP: 22/44 MP: 8/11
  2853 | D:5      | Reached skill level 5 in Dodging
  2857 | D:5      | Learned a level 1 spell: Summon Small Mammal
  2861 | D:5      | Learned a level 3 spell: Ignite Poison
  2883 | D:5      | Found a blossoming altar of Fedhas.
  3184 | D:5      | Reached skill level 7 in Throwing
  3184 | D:5      | Reached XP level 7. HP: 51/51 MP: 8/12
  3306 | D:5      | Found a staircase to the Ecumenical Temple.
  3309 | D:5      | Found a hazy altar of Hepliaklqana.
  3410 | D:5      | Found a stormy altar of Qazlal.
  3537 | Temple   | Entered the Ecumenical Temple
  3835 | D:6      | Noticed Blork the orc
  3844 | D:6      | Killed Blork the orc
  3857 | D:5      | Reached skill level 5 in Stealth
  4043 | D:6      | Noticed Duvessa
  4044 | D:6      | Noticed Dowan
  4051 | D:6      | Killed Duvessa
  4056 | D:6      | Killed Dowan
  4149 | D:6      | Reached XP level 8. HP: 58/58 MP: 10/14
  4193 | D:6      | Noticed Maggie
  4201 | D:6      | Killed Maggie
  4272 | D:6      | Found an opulent altar of Gozag.
  4273 | D:6      | Found a glowing silver altar of Zin.
  4934 | D:7      | Reached skill level 5 in Poison Magic
  4993 | D:7      | Reached XP level 9. HP: 65/65 MP: 3/16
  5011 | D:7      | Reached skill level 5 in Spellcasting
  5337 | D:7      | Identified the +0 scale mail of a ziggurat {*Corrode Str+3
                  | Int+3}
  6043 | D:8      | Reached skill level 8 in Throwing
  6210 | D:8      | Noticed Erica
  6317 | D:8      | Reached skill level 5 in Invocations
  6322 | D:8      | Killed Erica
  6547 | D:8      | Learned a level 4 spell: Olgreb's Toxic Radiance
  6991 | D:8      | Reached skill level 5 in Fighting
  6991 | D:8      | Reached skill level 5 in Short Blades
  6991 | D:8      | Reached skill level 5 in Long Blades
  6991 | D:8      | Reached skill level 5 in Axes
  6991 | D:8      | Reached skill level 5 in Maces & Flails
  6991 | D:8      | Reached skill level 5 in Polearms
  6991 | D:8      | Reached skill level 5 in Staves
  6991 | D:8      | Reached skill level 5 in Ranged Weapons
  6991 | D:8      | Reached skill level 5 in Armour
  6991 | D:8      | Reached skill level 5 in Shields
  6991 | D:8      | Reached skill level 5 in Unarmed Combat
  6991 | D:8      | Reached skill level 5 in Evocations
  6991 | D:8      | Reached XP level 10. HP: 74/74 MP: 14/18
  7287 | D:9      | Found Rulerut's Assorted Antiques.
  7289 | D:9      | Noticed Joseph
  7301 | D:9      | Paralysed by a hornet for 1 turns
  7305 | D:9      | Paralysed by a hornet for 1 turns
  7312 | D:9      | HP: 2/74 [Joseph/+0 quarterstaff (20)]
  7313 | D:9      | Killed from afar by Joseph

Illustrated notes

Levels and vault maps discovered:
D:1:      grunt_arrival_lava_bath, layout_basic, minmay_pentomino_v4
D:2:      layout_rooms, minmay_three_crescents
D:3:      layout_basic, serial_shops, shop,
          hellmonk_ecumenical_altar_dog_temple, minivault_14,
          minmay_misc_feat_more_columns, kennysheep_generic_room_12
D:4:      layout_basic, mainiacjoe_overflow_boulevard,
          mainiacjoe_overflow_chevrons, hex_large, kennysheep_small_circle
D:5:      nicolae_BIG_FREAKIN_CUBE, layout_rooms, lemuel_round_altar,
          mainiacjoe_overflow_alcove_4, mainiacjoe_overflow_tiny_flanked
D:6:      layout_basic, grunt_temple_overflow_gold_and_silver,
          uniq_blork_the_orc, uniq_maggie, uniq_duvessa
D:7:      layout_loops_cross, minmay_fire_ice_demons
D:8:      layout_layer_cave, uniq_erica
D:9:      layout_cave_pools, fiery_altar_vehumet, serial_shops,
          kennysheep_little_box, shop_statue, nicolae_shop_window_shopping,
          corner_web_ring, grunt_decor_cap, uniq_joseph
Temple:   oiseaux_autumnal_temple

Skill      XL: |  1  2  3  4  5  6  7  8  9 |
---------------+----------------------------+-----
Invocations    | 1 2 3 4 5 |  5.5
Fighting       | 1 2 3 5 |  5.0
Short Blades   | 1 2 3 5 |  5.0
Long Blades    | 1 2 3 5 |  5.0
Axes           | 1 2 3 5 |  5.0
Maces & Flails | 1 2 3 5 |  5.0
Polearms       | 1 2 3 5 |  5.0
Staves         | 1 2 3 5 |  5.0
Ranged Weapons | 1 2 3 5 |  5.0
Armour         | 1 2 3 5 |  5.0
Shields        | 1 2 3 5 |  5.0
Unarmed Combat | 1 2 3 5 |  5.0
Evocations     | 1 2 3 5 |  5.0
Spellcasting   | 3 4 5 |  5.8
Conjurations   | 1 2 3 4 |  4.2
Hexes          | 1 2 3 4 |  4.2
Summonings     | 1 2 3 4 |  4.2
Necromancy     | 1 2 3 4 |  4.2
Translocations | 1 2 3 4 |  4.2
Transmutations | 1 2 3 4 |  4.2
Fire Magic     | 1 2 3 4 |  4.2
Ice Magic      | 1 2 3 4 |  4.2
Air Magic      | 1 2 3 4 |  4.2
Earth Magic    | 1 2 3 4 |  4.2
Poison Magic   | 4 5 |  5.7
Dodging        | 5 6 |  6.9
Throwing       | 7 8 |  8.4
Stealth        | 5 6 |  6.6

Action                     |  1- 3 |  4- 6 |  7- 9 | 10-12 || total
---------------------------+-------+-------+-------+-------++-------
  Melee: Dagger            |    27 |       |       |       ||    27
         Bite              |     4 |     9 |    20 |       ||    33
         Short sword       |    29 |    48 |       |       ||    77
         Hand axe          |       |    38 |    83 |     7 ||   128
         Punch             |       |     1 |     4 |     1 ||     6
         Scimitar          |       |       |     7 |       ||     7
         War axe           |       |       |    19 |       ||    19
   Fire: Sling             |       |     8 |     9 |       ||    17
  Throw: Boomerang         |     6 |     5 |    12 |       ||    23
         Dart              |       |    14 |    62 |     2 ||    78
   Cast: Sting             |    37 |    17 |     9 |       ||    63
         Ignite Poison     |       |     7 |    32 |     1 ||    40
         Summon Small Mamm |       |       |     2 |       ||     2
         Call Canine Famil |       |       |     4 |       ||     4
  Evoke: Wand              |       |       |     2 |       ||     2
    Use: Scroll            |     1 |       |     7 |       ||     8
         Potion            |       |     4 |     5 |     1 ||    10
   Stab: Sleeping          |     1 |     5 |       |       ||     6
         Distracted        |       |       |     1 |       ||     1
 Armour: Robe              |     6 |    16 |    28 |     1 ||    51
  Dodge: Dodged            |    36 |    72 |   121 |     8 ||   237

Table legend: (Time is in decaauts)
 A = Elapsed time spent in this place.
 B = Non-inter-level travel time spent in this place.
 C = Inter-level travel time spent in this place.
 D = Time resting spent in this place.
 E = Time spent auto-exploring this place.
 F = Levels seen in this place.
 G = Mean time per level.
                   A        B        C        D        E       F      G
               +--------+--------+--------+--------+--------+-----+--------+
         Total |   7310 |   7049 |    261 |    533 |   5199 |  10 |  731.0 |
       Dungeon |   7027 |   6800 |    227 |    533 |   4967 |   9 |  780.8 |
        Temple |    283 |    249 |     34 |      0 |    232 |   1 |  283.0 |
               +--------+--------+--------+--------+--------+-----+--------+

Top non-repeatable levels by time:
     D:8: 1356 daAuts
     D:7: 1091 daAuts
     D:1: 949 daAuts
     D:5: 916 daAuts
     D:6: 907 daAuts
     D:3: 673 daAuts
     D:4: 669 daAuts
     D:2: 422 daAuts
  Temple: 283 daAuts
     D:9: 39 daAuts
